 Dungeon Crawl Stone Soup version 0.23-a0-729-g94ec030 (webtiles) character file.

35 DrEnzyme the Magician (level 3, -5/28 HPs)
             Began as a Demonspawn Wanderer on Jan 17, 2019.
             Slain by a gnoll
             ... wielding a +0 flail
              (13 damage)
             ... on level 2 of the Dungeon.
             The game lasted 00:04:48 (1239 turns).

DrEnzyme the Magician (Demonspawn Wanderer)         Turns: 1239, Time: 00:04:49

Health: -5/28      AC:  3    Str: 16    XL:     3   Next: 17%
Magic:  4/7        EV: 11    Int: 12    God:
Gold:   48         SH:  0    Dex: 10    Spells: 5/8 levels left

rFire    . . .     SeeInvis .   b - +0 dagger
rCold    . . .     Gourm    .   (no shield)
rNeg     . . .     Faith    .   d - +0 robe
rPois    .         Spirit   .   (no helmet)
rElec    .         Reflect  .   (no cloak)
rCorr    .         Harm     .   h - +0 pair of gloves
MR       .....                  (no boots)
Stlth    +.........             (no amulet)
HPRegen  0.09/turn              (no ring)
MPRegen  0.10/turn              (no ring)

@: infused
A: rot immunity, sturdy frame 1
a: no special abilities


You were on level 2 of the Dungeon.
You were not hungry.

You visited 1 branch of the dungeon, and saw 2 of its levels.

You collected 48 gold pieces.

Inventory:

Hand Weapons
 b - a +0 dagger (weapon)
 e - a +0 club
Missiles
 a - 8 curare-tipped needles
 c - 30 stones (quivered)
 j - 12 poisoned needles
Armour
 d - a +0 robe (worn)
 h - a +0 pair of gloves (worn)
Scrolls
 l - a scroll of immolation {unknown}
Potions
 i - a potion of invisibility {unknown}
Comestibles
 f - 2 rations
 k - a chunk of flesh


   Skills:
 * Level 2.6 Fighting
 + Level 0.6 Short Blades
 - Level 1.0 Stealth
 - Level 3.0 Spellcasting
   Level 1.0 Conjurations
 - Level 1.7 Charms
   Level 1.7 Earth Magic
   Level 1.0 Evocations


You had 5 spell levels left.
You knew the following spells:

 Your Spells              Type           Power        Failure   Level  Hunger
a - Infusion              Chrm           #...         12%         1    #......
b - Song of Slaying       Chrm           #.......     19%         2    ###....

Your spell library contained the following spells:

 Spells                   Type           Power        Failure   Level  Hunger
 Shock                    Conj/Air       #...         21%         1    #......
 Shroud of Golubria       Chrm/Tloc      #.........   26%         2    ###....
 Stone Arrow              Conj/Erth      #.....       38%         3    ###....
 Regeneration             Chrm/Necr      #.........   45%         3    ###....
 Spectral Weapon          Hex/Chrm       #.......     45%         3    ###....


Dungeon Overview and Level Annotations

Branches:
Dungeon (2/15)

Altars:


Innate Abilities, Weirdness & Mutations

You are immune to rotting.
Your movements are slightly less encumbered by armour. (ER -2)


Message History

k - a chunk of flesh You start resting.
Magic restored.
l - a scroll labeled LUFYCZ ESYIZU A gnoll comes into view.
It is wielding a +0 flail.
Casting: Infusion (safe; 12% risk of failure)
Confirm with . or Enter, or press ? or * to list all spells.
You begin infusing your attacks with magical energy.
You hit the gnoll.
The gnoll is moderately wounded.
The gnoll hits you with a +0 flail!
Ouch! That really hurt!
You hit the gnoll.
The gnoll is moderately wounded.
The gnoll hits you with a +0 flail.
* * * LOW HITPOINT WARNING * * *
As you read the scroll labeled WOMUGE BEAF, it crumbles to dust.
You feel aware of your surroundings.
It was a scroll of magic mapping.
The gnoll hits you with a +0 flail!
You die...

#.###.#.##.........#.
#.#>.................
#.........<...####.#.
#######...#......#.#.
##.....##.............
##.......###.......#.#.
#....<.................
#.8.....8.##.###.###.##
#.....@......# #.# *.#*
###...8.8g.....# #.# *,*
#..............# #.#**,**
#.#.8.....8.##.###...,,,,
#,#....>.............*,**
*,##.......###.####..,,*
*,*##.....##*#.#***..****
*,**#######,,,g.,,,,,,,,,
*,**,**,******.##**,,****


You could see a gnoll.

Vanquished Creatures
  A dart slug (D:2)
  2 leopard geckos (D:1)
  2 giant cockroaches (D:1)
  4 goblins (D:1)
  3 hobgoblins (D:1)
  3 jackals (D:1)
  5 bats
  A frilled lizard (D:1)
  4 kobolds (D:1)
  3 rats (D:1)
28 creatures vanquished.

Notes
Turn   | Place    | Note
-------+----------+-------------------------------------------
     0 | D:1      | DrEnzyme the Demonspawn Wanderer began the quest for the
                  | Orb.
     0 | D:1      | DrEnzyme set off with the following items: a potion of
                  | lignification, a +0 robe, a +0 club, a ration; and the
                  | following spells available to memorise: Infusion, Song of
                  | Slaying, Shock, Shroud of Golubria, Stone Arrow,
                  | Regeneration, Spectral Weapon
     0 | D:1      | Reached XP level 1. HP: 13/13 MP: 4/4
     2 | D:1      | Learned a level 1 spell: Infusion
    88 | D:1      | Reached skill level 1 in Fighting
   250 | D:1      | Gained mutation: You are immune to rotting. [demonic
                  | ancestry]
   250 | D:1      | Reached XP level 2. HP: 16/21 MP: 1/6
   786 | D:1      | Gained mutation: Your movements are slightly less
                  | encumbered by armour. (ER -2) [demonic ancestry]
   786 | D:1      | Reached XP level 3. HP: 18/28 MP: 2/7
   887 | D:1      | Learned a level 2 spell: Song of Slaying
  1239 | D:2      | Slain by a gnoll

Vault maps used:
D:1:      minmay_arrival_loop
D:2:      first_ration, grunt_ministairs_10, uniq_robin

Skill      XL: |  1  2 |
---------------+-------+-----
Fighting       | 1 2 |  2.6
Short Blades   | |  0.6
Stealth        | |  1.0
Spellcasting   | |  3.0
Conjurations   | |  1.0
Charms         | |  1.7
Earth Magic    | |  1.7
Evocations     | |  1.0

Action                   || total
-------------------------++-------
Melee: Club              ||    45
       Dagger            ||    55
Throw: Stone             ||     3
 Cast: Infusion          ||    14
  Use: Potion            ||     1
       Scroll            ||     1
 Stab: Sleeping          ||     1
  Eat: Chunk             ||     1
Armor: Robe              ||    40
       Skin              ||    20
Dodge: Dodged            ||    54

Table legend:
 A = Non-vault XP
 B = Vault XP
 C = Vault XP percentage of total XP
 D = Non-vault monster count
 E = Vault monster count
 F = Vault count percentage of total count
                 A         B        C        D         E       F
            +---------+---------+-------+---------+---------+-------
      Total |      46 |       5 |   9.8 |      26 |       2 |   7.1
            +---------+---------+-------+---------+---------+-------
        D:1 |      44 |       0 |   0.0 |      25 |       0 |   0.0
        D:2 |       2 |       5 |  71.4 |       1 |       2 |  66.7
            +---------+---------+-------+---------+---------+-------
